 Dungeon Crawl Stone Soup version 0.29-a0-271-gd4eb659eea (webtiles) character file.

Game seed: 18256996719329195565

146758 dolemite99 the Severer (level 16, -4/155 HPs)
             Began as a Minotaur Fighter on Mar 9, 2022.
             Was a High Priest of Makhleb.
             Slain by a redback (7 damage)
             ... on level 4 of the Spider Nest.
             The game lasted 00:53:15 (46322 turns).

dolemite99 the Severer (Minotaur Fighter)          Turns: 46322, Time: 00:53:16

Health: -4/155     AC: 29    Str: 28    XL:     16   Next: 90%
Magic:  0/22       EV:  4    Int:  5    God:    Makhleb [*****.]
Gold:   533        SH:  0    Dex: 11    Spells: 15/15 levels left

rFire   . . .      SeeInvis +   a - +5 battleaxe (freeze)
rCold   . . .      Faith    .   (shield currently unavailable)
rNeg    . . .      Spirit   +   s - +0 crystal plate armour
rPois   +          Reflect  .   k - +2 hat
rElec   .          Harm     .   c - +0 cloak {rPois}
rCorr   .          Rampage  .   (no gloves)
Will    +....                   b - +2 pair of boots
Stlth   ..........              L - amulet of guardian spirit
HPRegen 0.35/turn               j - +4 ring of protection {=R}
MPRegen 0.18/turn               q - ring of see invisible

@: corroded, held, slowed, very slow
A: horns 2, retaliatory headbutt
a: Renounce Religion, Minor Destruction, Lesser Servant of Makhleb, Major
Destruction, Greater Servant of Makhleb


You were on level 4 of the Spider Nest.
You worshipped Makhleb.
Makhleb was extremely pleased with you.
You visited 4 branches of the dungeon, and saw 27 of its levels.
You also visited: Ice Cave.

You collected 2453 gold pieces.
You spent 1920 gold pieces at shops.

Inventory:

Hand Weapons
 a - a +5 battleaxe of freezing (weapon)
 e - a +3 broad axe of freezing
 i - a +3 broad axe
Missiles
 u - a javelin (quivered)
 H - 25 poisoned darts
Armour
 b - a +2 pair of boots (worn)
 c - a +0 cloak of poison resistance (worn)
 f - a +1 chain mail of fire resistance
 h - a +0 chain mail of willpower
 k - a +2 hat (worn)
 s - a +0 crystal plate armour (worn)
Jewellery
 d - a ring of willpower
 j - a +4 ring of protection (left hand) {=R}
 n - a ring of protection from cold
 q - a ring of see invisible (right hand)
 y - a ring of ice
 L - an amulet of guardian spirit (around neck)
 P - the ring "Jocuomme" {*Slow rN+ rCorr AC+4 Int+2}
   (You found it on level 8 of the Dungeon)

   [ring of protection]

   AC:        It affects your AC (+4).
   Int:       It affects your intelligence (+2).
   rN:        It protects you from negative energy.
   rCorr:     It protects you from acid and corrosion.
   *Slow:     It may slow you when you take damage.
Wands
 r - a wand of flame (5)
 E - a wand of mindburst (7)
 G - a wand of iceblast (20)
 S - a wand of digging (7)
 T - a wand of polymorph (9)
Scrolls
 l - 17 scrolls of identify {@r1}
 m - 4 scrolls of silence
 x - 2 scrolls of holy word
 B - 4 scrolls of teleportation
 C - a scroll of vulnerability
 J - 3 scrolls of fog
 X - a scroll of blinking
Potions
 g - 3 potions of magic
 o - 5 potions of lignification
 p - 3 potions of haste
 t - 2 potions of brilliance
 v - 4 potions of mutation
 w - 3 potions of curing
 z - 2 potions of resistance
 A - 3 potions of attraction
 I - 4 potions of berserk rage
 R - 2 potions of cancellation
 W - 4 potions of ambrosia
Miscellaneous
 D - a phantom mirror (inert)
 Y - a tin of tremorstones (inert)


   Skills:
 - Level 17.5 Fighting
 - Level 18.9 Axes
 - Level 11.1 Throwing
 - Level 18.2 Armour
 - Level 1.0 Stealth
 - Level 3.6 Shields
 + Level 9.9 Invocations
 - Level 8.0 Evocations


You had 15 spell levels left.
You didn't know any spells.
Your spell library contained the following spells:

 Spells                   Type           Power      Damage    Failure   Level
 Apportation              Tloc           0%         N/A       100%        1
 Magic Dart               Conj           0%         1d3       100%        1
 Pain                     Necr           0%         1d4       100%        1
 Blink                    Tloc           0%         N/A       100%        2
 Call Imp                 Summ           0%         N/A       100%        2
 Searing Ray              Conj           0%         2d4       100%        2
 Sublimation of Blood     Necr           0%         N/A       100%        2
 Wereblood                Tmut           0%         N/A       100%        2
 Frozen Ramparts          Ice            0%         1d2       100%        3
 Gell's Gravitas          Tloc           0%         N/A       100%        3
 Inner Flame              Hex/Fire       0%         N/A       100%        3
 Lesser Beckoning         Tloc           0%         N/A       100%        3
 Mephitic Cloud           Conj/Pois/Air  0%         N/A       100%        3
 Ozocubu's Armour         Ice            0%         N/A       100%        3
 Teleport Other           Tloc           0%         N/A       100%        3
 Cause Fear               Hex            0%         N/A       100%        4
 Fulminant Prism          Conj/Hex       0%         3d6       100%        4
 Hailstorm                Conj/Ice       0%         3d3       100%        4
 Ice Form                 Ice/Tmut       0%         N/A       100%        4
 Leda's Liquefaction      Hex/Erth       0%         N/A       100%        4
 Summon Ice Beast         Ice/Summ       0%         N/A       100%        4
 Agony                    Necr           0%         N/A       100%        5
 Alistair's Intoxication  Tmut/Pois      0%         N/A       100%        5
 Excruciating Wounds      Necr           0%         N/A       100%        5
 Lee's Rapid Deconstruct  Erth           0%         3d5*      100%        5
 Manifold Assault         Tloc           0%         N/A       100%        5
 Dispersal                Tloc           0%         N/A       100%        6
 Simulacrum               Ice/Necr       0%         N/A       100%        6
 Statue Form              Tmut/Erth      0%         N/A       100%        6
 Ozocubu's Refrigeration  Ice            0%         4d5       100%        7
 Summon Hydra             Summ           0%         N/A       100%        7
 Discord                  Hex            0%         N/A       100%        8


Dungeon Overview and Level Annotations

Branches:
Dungeon (15/15)            Temple (0/1) D:4            Lair (6/6) D:10
  Swamp (0/4) Lair:4       Spider (4/4) Lair:2        Slime (0/5) Lair:6
    Orc (2/2) D:10            Elf (0/3) Orc:2        Vaults (0/5) D:14
 Depths (0/4) D:15          IceCv (visited)

Altars:
Ashenzari
Elyvilon
Fedhas
Hepliaklqana
Makhleb
Okawaru
Ru
Uskayaw
Yredelemnul
Zin
The Shining One
Jiyva
Lugonu

Shops:
D:10 *   Orc:2 [?[=

Portals:
Abyss: D:14

Annotations:
D:7 Pikel
D:10 2 transporters, Cecur's ghost, journeyman FoFi
D:12 2 transporters, pokeman's ghost, journeyman DEWz
Lair:6 1 runed translucent door, exclusion: obsidian statue
Orc:1 1 transporter, exclusion: downstairs


Innate Abilities, Weirdness & Mutations

You have a pair of horns on your head.
You reflexively headbutt those who attack you in melee.


Message History

The entropic weave corrodes you!
The tarantella touches you but does no damage.
You are too confused!
Unknown command.
You feel better.
The meliai calls down the wrath of its god upon you.
Something smites you!
* * * LOW HITPOINT WARNING * * *
The wolf spider hits you but does no damage.
The wolf spider bites you but does no damage.
The jumping spider pounces on you but does no damage.
The jumping spider bites you but does no damage.
The wolf spider hits you.
* * * LOW HITPOINT WARNING * * *
The wolf spider bites you but does no damage.
The jumping spider barely misses you. You furiously retaliate!
You headbutt the jumping spider. The jumping spider barely misses you.
The meliai calls down the wrath of its god upon you.
Something smites you!
* * * LOW HITPOINT WARNING * * *
The jumping spider leaps!
The wolf spider hits you.
* * * LOW HITPOINT WARNING * * *
The wolf spider bites you but does no damage.
The redback bites you but does no damage.
The tarantella barely misses you.
The wolf spider hits you but does no damage.
The wolf spider bites you but does no damage.
The jumping spider pounces on you but does no damage.
The jumping spider bites you but does no damage.
The wolf spider hits you but does no damage.
The wolf spider bites you but does no damage.
The jumping spider leaps!
The meliai calls down the wrath of its god upon you.
Something smites you!
* * * LOW HITPOINT WARNING * * *
The wolf spider hits you but does no damage.
The wolf spider completely misses you.
The tarantella touches you but does no damage.
The redback bites you!
You die...

...# s... .. .
...../. #s..
..## . .^ ....
... .....
.#...#.#.
.s...##.. .....
...#...s.s.s...
#.^....s#s.B...
#...†.ssssy....
.....yy@ss..s..
.####.#sss^#...
.. .yB..# ^.^
.s.#..^. ..#
.#.^.##^## .
...... ... ##
.... ^.. ..^...
..


You could see an entropy weaver, 3 wolf spiders, a moth of wrath, 2 orb spiders,
a pharaoh ant, 6 jumping spiders, 2 tarantellas, 4 redbacks and 3 meliai.

Vanquished Creatures
  Saint Roka (Orc:1)
  Jorgrun (D:12)
  Frances (D:13)
  2 tentacled starspawn (D:14)
  Kirke (D:13)
  An orc warlord (Orc:1)
  A ghost moth (Spider:2)
  A broodmother (Spider:3)
  3 entropy weavers
  A spark wasp (Lair:2)
  2 dire elephants (Lair:6)
  Josephine (D:15)
  7 boulder beetles
  6 hydras
  A great orb of eyes (D:15)
  2 jorogumos
  A vault guard (D:14)
  19 two-headed ogres
  3 radroaches
  A death knight (D:12)
  3 ogre magi
  A centaur warrior (D:13)
  2 catoblepae
  A tengu warrior (D:14)
  A death scarab (Spider:4)
  4 death yaks
  A shock serpent (D:13)
  A sun moth (Lair:2)
  2 pharaoh ants
  4 skeletal warriors
  2 steelbarb worms
  2 deep trolls
  5 orb spiders
  A spectral anaconda (Lair:6)
  2 wizards (D:14)
  6 wolf spiders
  3 necromancers (Lair:6)
  A deep elf pyromancer (D:14)
  7 ugly things
  A manticore (D:14)
  2 moths of wrath (Spider:1)
  2 orc sorcerers (Orc:2)
  6 cyclopes
  5 black mambas
  12 elephants
  2 torpor snails (Spider:1)
  2 ice statues (IceCv)
  2 dire elephant zombies (Lair:6)
  2 gargoyles
  13 cane toads
  A dire elephant skeleton (Lair:6)
  An unseen horror (D:13)
  7 demonic crawlers
  5 yaktaurs (D:15)
  15 komodo dragons
  2 efreet
  A komodo dragon (shapeshifter) (D:15)
  6 rime drakes
  A tengu conjurer (D:14)
  5 entropy weaver simulacra (IceCv)
  7 ice devils (IceCv)
  2 kobold demonologists
  An anaconda simulacrum (IceCv)
  11 trolls
  6 meliai
  14 tarantellas
  A hornet (D:10)
  A polar bear (Lair:1)
  4 dream sheep (Lair:6)
  9 slime creatures
  15 blink frogs
  3 spectral elephants (Lair:6)
  30 jumping spiders
  7 starcursed masses (D:14)
  13 culicivoras
  A spriggan (D:12)
  6 wraiths
  2 wyverns
  2 dire elephant simulacra
  22 yaks
  2 hogs (D:13)
  A death yak simulacrum (Lair:6)
  A basilisk (Lair:2)
  34 redbacks
  7 vampire mosquitoes
  2 steam dragons
  Menkaure (D:7)
  2 swamp worms (Lair:4)
  3 acid dragons
  A warg (Orc:1)
  3 harpy simulacra (IceCv)
  A warg (shapeshifter) (D:14)
  Duvessa (D:7)
  19 water moccasins
  An ice beast (D:5)
  26 orc warriors
  A sky beast (D:7)
  A black bear (Lair:1)
  4 centaurs
  4 wolves (Lair:3)
  21 ogres
  5 boggarts (D:15)
  A phantom (D:7)
  An elephant skeleton (Lair:6)
  3 lemures
  4 kobold brigands
  12 bullfrogs
  A necrophage (D:7)
  A gnoll sergeant (D:8)
  2 cane toad simulacra (Lair:6)
  3 scorpions
  A two-headed ogre simulacrum (IceCv)
  9 wights
  Dowan (D:7)
  3 elephant simulacra (Lair:6)
  5 killer bees (D:10)
  7 electric eels
  5 howler monkeys
  4 hounds
  A jelly (D:6)
  15 orc priests
  Jessica (D:3)
  Terence (D:3)
  21 orc wizards
  5 hell rats
  A polar bear simulacrum (IceCv)
  A troll simulacrum (IceCv)
  6 gnolls
  6 adders
  A shadow imp (D:5)
  2 white imps
  3 ufetubi
  2 dart slugs
  74 orcs
  7 ball pythons
  9 endoplasms
  3 giant cockroaches
  14 goblins
  10 hobgoblins
  11 jackals
  32 kobolds
  6 quokkas
  7 bats
  5 frilled lizards
  4 rats
  A butterfly (Lair:4)
  3 starspawn tentacles (D:14)
811 creatures vanquished.

Vanquished Creatures (collateral kills)
  A reaper (IceCv)
  A dire elephant (Lair:6)
  Fannar (Lair:3)
  A rakshasa (D:10)
  Erolcha (D:9)
  A hydra (Lair:4)
  2 two-headed ogres
  2 death yaks (Lair:5)
  A cane toad (Lair:5)
  A kobold demonologist (D:9)
  A komodo dragon (Lair:3)
  2 burning bushes (Lair:6)
  2 hornets
  2 blink frogs (Lair:5)
  4 slime creatures
  3 culicivoras (Lair:2)
  A shadow (D:11)
  A yak (D:10)
  2 redbacks (Spider:3)
  2 vampire mosquitoes (D:11)
  2 basilisks
  An orc warrior (D:11)
  An ogre (Orc:2)
  A kobold brigand (D:9)
  A wight (D:8)
  A killer bee (D:10)
  2 orc priests (D:8)
  An iguana (Lair:4)
  An orc wizard (D:11)
  An orc (D:11)
  A bat (D:2)
  A frilled lizard (D:2)
  A kobold (D:9)
47 creatures vanquished.

Vanquished Creatures (others)
  A human (D:13)
  49 fungi
  49 plants
  3 starspawn tentacles (D:14)
  17 withered plants (Lair:6)
119 creatures vanquished.

Grand Total: 977 creatures vanquished

Notes
Turn   | Place    | Note
-------+----------+-------------------------------------------
     0 | D:1      | dolemite99 the Minotaur Fighter began the quest for the
                  | Orb.
     0 | D:1      | Reached XP level 1. HP: 19/19 MP: 0/0
   703 | D:1      | Reached XP level 2. HP: 26/26 MP: 1/1
  1554 | D:1      | Reached XP level 3. HP: 31/31 MP: 2/2
  2188 | D:2      | Reached skill level 5 in Axes
  2330 | D:2      | Reached XP level 4. HP: 34/39 MP: 3/3
  2831 | D:3      | Noticed Jessica
  2849 | D:3      | Killed Jessica
  2912 | D:3      | Found a faded altar of an unknown god.
  2935 | D:3      | Prayed at the altar of an unknown god.
  2935 | D:3      | Became a worshipper of Makhleb the Destroyer
  2935 | D:3      | Reached * piety under Makhleb
  3238 | D:3      | Noticed Terence
  3241 | D:3      | Reached XP level 5. HP: 45/45 MP: 4/4
  3254 | D:3      | Killed Terence
  3295 | D:3      | Reached ** piety under Makhleb
  3855 | D:3      | Found a blossoming altar of Fedhas.
  3862 | D:3      | Reached XP level 6. HP: 51/51 MP: 5/5
  4969 | D:4      | Found a staircase to the Ecumenical Temple.
  5523 | D:5      | Entered Level 5 of the Dungeon
  5683 | D:5      | Found a hazy altar of Hepliaklqana.
  6002 | D:5      | Noticed an ice beast
  6010 | D:5      | Killed an ice beast
  6011 | D:5      | Reached XP level 7. HP: 52/57 MP: 6/6
  6037 | D:5      | Found an iron altar of Okawaru.
  6431 | D:5      | Reached skill level 10 in Axes
  7444 | D:6      | Reached XP level 8. HP: 64/64 MP: 7/7
  7841 | D:6      | Reached *** piety under Makhleb
  8324 | D:7      | Noticed Menkaure
  8331 | D:7      | Killed Menkaure
  8807 | D:7      | Noticed Duvessa
  8807 | D:7      | Noticed Dowan
  8818 | D:7      | Killed Duvessa
  8837 | D:7      | Killed Dowan
  9783 | D:7      | Noticed a komodo dragon
  9798 | D:7      | Killed a komodo dragon
  9799 | D:7      | Reached XP level 9. HP: 53/70 MP: 8/8
  9988 | D:7      | Noticed a cyclops
 10012 | D:6      | Reached skill level 1 in Invocations
 10305 | D:7      | Noticed Pikel
 10974 | D:7      | Killed a cyclops
 10975 | D:7      | Reached skill level 5 in Invocations
 12281 | D:8      | Found a basalt altar of Yredelemnul.
 12293 | D:8      | Identified the ring "Jocuomme" {*Slow rN+ rCorr AC+4 Int+2}
 12384 | D:8      | Found a burning altar of Makhleb.
 12684 | D:8      | Found a sacrificial altar of Ru.
 12932 | D:9      | Noticed a two-headed ogre
 12952 | D:9      | Noticed Erolcha
 12957 | D:9      | Killed a two-headed ogre
 12958 | D:9      | Reached skill level 5 in Fighting
 12958 | D:9      | Reached skill level 5 in Armour
 12958 | D:9      | Reached XP level 10. HP: 61/83 MP: 14/14
 12979 | D:9      | Killed Erolcha
 13557 | D:9      | Found a glowing golden altar of the Shining One.
 13558 | D:9      | Found a glowing silver altar of Zin.
 13560 | D:9      | Found a white marble altar of Elyvilon.
 13972 | D:10     | Entered Level 10 of the Dungeon
 13975 | D:10     | Found a flagged portal.
 14095 | D:10     | Found a hide-covered altar of Uskayaw.
 14238 | D:10     | Found a staircase to the Lair.
 14261 | Lair:1   | Entered Level 1 of the Lair of Beasts
 14356 | D:11     | Noticed a gargoyle
 14368 | D:11     | Killed a gargoyle
 14924 | D:11     | Noticed a two-headed ogre
 14936 | D:11     | Killed a two-headed ogre
 14937 | D:11     | Reached skill level 5 in Throwing
 14937 | D:11     | Reached XP level 11. HP: 75/94 MP: 15/15
 15490 | D:10     | Noticed Sonja
 15492 | D:10     | Noticed Sonja
 15492 | D:10     | Sonja changed into Sonja the basilisk
 15505 | D:10     | Killed Sonja the basilisk
 15523 | D:10     | Noticed a rakshasa
 16298 | D:10     | Noticed a deep elf archer
 16301 | D:10     | Noticed a centaur warrior
 16308 | D:10     | Found a transporter.
 16308 | D:10     | Noticed Cecur's ghost (journeyman FoFi)
 16361 | D:10     | Killed a rakshasa
 16530 | D:10     | Found a transporter.
 16885 | D:10     | Found a staircase to the Orcish Mines.
 17010 | D:10     | Found Fyefooj's Assorted Antiques.
 17014 | D:10     | Bought a scroll labelled VUPPUHA PYUGG for 22 gold pieces
 17014 | D:10     | Bought a scroll labelled VUPPUHA PYUGG for 22 gold pieces
 17014 | D:10     | Bought a scroll of identify for 44 gold pieces
 17014 | D:10     | Bought a scroll of teleportation for 66 gold pieces
 17014 | D:10     | Bought a scroll of teleportation for 66 gold pieces
 17307 | D:10     | Found a broken altar of Ashenzari.
 18041 | Lair:1   | Reached skill level 10 in Throwing
 19007 | Lair:1   | Reached XP level 12. HP: 87/101 MP: 16/16
 19238 | Lair:2   | Noticed a death yak
 19238 | Lair:2   | Noticed a death yak
 19249 | Lair:1   | Killed a death yak
 19251 | Lair:2   | Noticed a death yak
 19266 | Lair:1   | Killed a death yak
 19603 | Lair:2   | Killed a death yak
 20628 | Lair:2   | Found a hole to the Spider Nest.
 20712 | Lair:2   | Noticed a five-headed hydra
 20720 | Lair:2   | Killed a five-headed hydra
 20721 | Lair:2   | Reached skill level 10 in Fighting
 20721 | Lair:2   | Reached skill level 10 in Armour
 21510 | Lair:3   | Noticed Fannar
 21533 | Lair:3   | Killed Fannar
 21762 | Lair:3   | Noticed a four-headed hydra
 21775 | Lair:3   | Killed a four-headed hydra
 22346 | Lair:3   | Reached skill level 15 in Axes
 22732 | Lair:4   | Reached XP level 13. HP: 116/116 MP: 17/17
 23375 | Lair:4   | Found a staircase to the Swamp.
 23572 | Lair:5   | Reached skill level 1 in Evocations
 23909 | Lair:5   | Reached skill level 5 in Evocations
 24457 | Lair:6   | Entered Level 6 of the Lair of Beasts
 24796 | Lair:6   | Noticed a dire elephant
 24796 | Lair:6   | Noticed a dire elephant
 24796 | Lair:6   | Noticed a dire elephant
 24840 | Lair:6   | Found a runed translucent door.
 24840 | Lair:6   | Found a viscous altar of Jiyva.
 24843 | Lair:6   | Noticed an acid blob
 24845 | Lair:6   | Found a staircase to the Slime Pits.
 24845 | Lair:6   | Noticed an acid blob
 25377 | Lair:6   | Reached **** piety under Makhleb
 25792 | Lair:6   | Reached XP level 14. HP: 111/124 MP: 18/18
 27212 | D:12     | Noticed Jorgrun
 27229 | D:12     | Killed Jorgrun
 27331 | D:12     | Noticed pokeman's ghost (journeyman DEWz)
 27472 | D:12     | Found a transporter.
 27476 | D:12     | Found a transporter.
 27631 | Orc:1    | Entered Level 1 of the Orcish Mines
 28428 | Orc:1    | Found a transporter.
 28595 | Orc:2    | Entered Level 2 of the Orcish Mines
 28618 | Orc:2    | Found Xirastry's Armour Emporium.
 29132 | Orc:2    | Reached skill level 15 in Fighting
 29166 | Orc:2    | Noticed Saint Roka
 29192 | Orc:1    | HP: 1/135 [Saint Roka/divine providence (12)]
 29969 | Orc:2    | Reached ***** piety under Makhleb
 30004 | Orc:2    | Noticed an orc warlord
 30558 | Orc:1    | Killed Saint Roka
 30673 | Orc:1    | Killed an orc warlord
 31006 | Orc:2    | Found Detao's Magic Scroll Boutique.
 31037 | Orc:2    | Reached XP level 15. HP: 145/145 MP: 19/19
 31049 | Orc:2    | Found Hifedy's Armour Shoppe.
 31053 | Orc:2    | Found Taekul's Jewellery Emporium.
 31056 | Orc:2    | Bought a scroll of fog for 26 gold pieces
 31056 | Orc:2    | Bought a scroll of summoning for 123 gold pieces
 31203 | Orc:2    | Found a staircase to the Elven Halls.
 31757 | Orc:2    | Bought an amulet of guardian spirit for 510 gold pieces
 31807 | Orc:2    | Bought a scroll of silence for 97 gold pieces
 31807 | Orc:2    | Bought a scroll of identify for 26 gold pieces
 31807 | Orc:2    | Bought a scroll of identify for 26 gold pieces
 31807 | Orc:2    | Bought a scroll of identify for 26 gold pieces
 31814 | Orc:2    | Bought 3 scrolls of identify for 78 gold pieces
 31814 | Orc:2    | Bought a scroll of identify for 26 gold pieces
 31819 | Orc:2    | Bought a +0 cloak of poison resistance for 102 gold pieces
 31819 | Orc:2    | Bought a +0 chain mail of willpower for 138 gold pieces
 31849 | Orc:2    | Bought a ring of protection from cold for 425 gold pieces
 31962 | D:13     | Found a frozen archway.
 31972 | IceCv    | Entered an ice cave
 32498 | IceCv    | Identified the ring of Plog {rC+ Will- Str+9}
 32998 | D:13     | Noticed Kirke
 33010 | D:13     | Killed Kirke
 33312 | D:13     | Noticed Frances
 33322 | D:13     | Killed Frances
 33405 | D:13     | Noticed Nessos
 33408 | D:13     | Noticed Nessos
 33408 | D:13     | Nessos changed into Nessos the shock serpent
 33411 | D:13     | Killed Nessos the shock serpent
 34918 | D:14     | Found a corrupted altar of Lugonu.
 34930 | D:14     | Found a one-way gate to the infinite horrors of the Abyss.
 34931 | D:14     | Noticed a tentacled starspawn
 34933 | D:14     | Found a corrupted altar of Lugonu.
 34942 | D:14     | Killed a tentacled starspawn
 35094 | D:14     | Noticed a tentacled starspawn
 35098 | D:14     | Killed a tentacled starspawn
 35110 | D:14     | Found the +8 demon trident "Rift" {distort, reach+}
 35123 | D:14     | Found a corrupted altar of Lugonu.
 35428 | D:14     | Reached skill level 15 in Armour
 36195 | D:14     | Found a gate to the Vaults.
 36715 | Orc:2    | Bought a scroll of vulnerability for 97 gold pieces
 36828 | D:15     | Entered Level 15 of the Dungeon
 36954 | D:15     | Noticed Josephine
 36965 | D:15     | Killed Josephine
 37163 | D:14     | You fall into a shaft and drop 1 floor!
 37538 | D:15     | Reached XP level 16. HP: 133/154 MP: 16/20
 37787 | D:15     | Paralysed by a great orb of eyes for 6 turns
 38098 | D:15     | Paralysed by a great orb of eyes for 5 turns
 38291 | D:15     | Found a burning altar of Makhleb.
 38401 | D:15     | Found a staircase to the Depths.
 38602 | Spider:1 | Entered Level 1 of the Spider Nest
 42930 | Spider:2 | Reached skill level 1 in Stealth
 46175 | Spider:4 | Entered Level 4 of the Spider Nest
 46322 | Spider:4 | HP: 3/155 [meliai/divine providence (10)]
 46322 | Spider:4 | Slain by a redback

Illustrated notes

Levels and vault maps discovered:
D:1:      sevenhm_arrival_forest_fort_small_3, layout_basic,
          minmay_misc_feat_columns
D:2:      layout_loops_cross, corexii_hall_statues_x
D:3:      corexii_shack_village, layout_basic, fedhas_altar_fruit_tree,
          hellmonk_ecumenical_altar_blasted, uniq_terence, uniq_jessica
D:4:      layout_loops_corners, nicolae_overflow_hidden_temple,
          lemuel_temple_firewalk_a
D:5:      layout_basic, kennysheep_okawaru_gauntlet,
          mainiacjoe_overflow_alcove_2
D:6:      layout_basic, hangedman_decor_lopped
D:7:      minmay_cornered_nines, layout_basic, uniq_pikel, uniq_duvessa,
          uniq_menkaure
D:8:      layout_rooms, mainiacjoe_overflow_large_starburst,
          nicolae_ru_great_annihilating_truth, serial_glass, glass_columns_a,
          glass_columns_c
D:9:      lemuel_ice_spiral_2, layout_basic, good_gods_temple_1, uniq_erolcha
D:10:     layout_loops_cross, mainiacjoe_overflow_chevrons,
          nicolae_uskayaw_dance_hall, lair_entry_dummy, orc_david_3,
          enter_bailey_8, gammafunk_ghost_arena, serial_shops, shop, uniq_sonja
D:11:     layout_loops_corners
D:12:     layout_small_grid, gammafunk_ghost_hive, the_hattery, uniq_jorgrun
D:13:     layout_basic, portal_ice_cave_rime, chequers_serial_rivers_micro_d,
          uniq_nessos, uniq_frances, uniq_kirke
D:14:     layout_loops_corners, david_vaults_4,
          hangedman_abyss_or_decor_stagger, kennysheep_cluttered_room,
          hellmonk_guarded_unrand_rift
D:15:     gammafunk_enter_depths_forms, layout_small_grid,
          chequers_decorated_corner, makhleb_altar_promises_db, uniq_josephine
Lair:1:   layout_layer_cave
Lair:2:   layout_regular_city, hellmonk_spider_entry_life_and_decay,
          grunt_megastairs_1
Lair:3:   layout_roguey, uniq_fannar
Lair:4:   layout_regular_city, palyth_hydra_swamp_entry,
          amcnicky_mini_pool_medium, lemuel_fruit_fields, lemuel_fruit_fields,
          infiniplex_staircase_pool
Lair:5:   layout_loops_ring
Lair:6:   due_jungle_book, layout_cave_pods, slime_altar_2, serial_bayou_ford_a,
          dreamdust_deal_with_the_devil, st_stairs_4,
          grunt_forest_small_clearings, evilmike_ambush
          [evilmike_ambush_outer_basic, evilmike_ambush_inner_basic],
          infiniplex_staircase_pool_2
Spider:1: nicolae_spider_jumping_over_cracks [nicolae_spider_jumping_sub_lanes,
          nicolae_spider_jumping_sub_divot, nicolae_spider_jumping_sub_shuffled,
          nicolae_spider_jumping_sub_rim]
Spider:2: nicolae_spider_hilbert_zone_5 [nicolae_spider_hilbert_3_sides_1_open,
          nicolae_spider_hilbert_4_sides_1_open,
          nicolae_spider_hilbert_4_sides_1_open,
          nicolae_spider_hilbert_6_sides_1_open,
          nicolae_spider_hilbert_6_sides_1_open]
Spider:3: layout_spider_delve
Spider:4: spider_rune_water, special_room [special_room_bee],
          nicolae_spider_nooks_and_crannies, uniq_mlioglotl
Orc:1:    emtedronai_trogs_sanctum, layout_diamond_mine
Orc:2:    st_orc_open, layout_caves, nicolae_orc_tapped_out, uniq_saint_roka

Skill      XL: |  1  2  3  4  5  6  7  8  9 10 11 12 13 14 15 16 |
---------------+-------------------------------------------------+-----
Axes           | 3 4 5 6 7 9 11 14 15 17 18 | 18.9
Invocations    | 6 9 |  9.9
Fighting       | 5 7 8 11 16 17 | 17.5
Armour         | 5 7 8 11 17 18 | 18.2
Throwing       | 5 11 | 11.1
Evocations     | 8 |  8.0
Stealth        | 1 |  1.0
Shields        | |  3.6

Action                   |  1- 3 |  4- 6 |  7- 9 | 10-12 | 13-15 | 16-18 || total
-------------------------+-------+-------+-------+-------+-------+-------++-------
Melee: War axe           |    81 |   178 |   261 |   417 |   305 |       ||  1242
       Headbutt          |     7 |    21 |    45 |    77 |   208 |    74 ||   432
       Battleaxe         |       |       |       |       |   510 |   311 ||   821
Throw: Dart              |    18 |     2 |       |       |   147 |   120 ||   287
       Stone             |       |    38 |    17 |    10 |       |       ||    65
       Boomerang         |       |       |       |    59 |   239 |       ||   298
       Javelin           |       |       |       |    35 |    23 |    19 ||    77
Invok: Lesser Servant of |       |       |     5 |    23 |    38 |     5 ||    71
       Minor Destruction |       |       |       |    56 |     3 |       ||    59
       Major Destruction |       |       |       |       |     4 |     9 ||    13
Evoke: Wand              |       |       |       |     2 |    10 |     7 ||    19
       Tin of tremorston |       |       |       |     2 |     6 |     3 ||    11
       Phantom mirror    |       |       |       |     1 |     3 |     1 ||     5
  Use: Potion            |     1 |     1 |     5 |     5 |     4 |     3 ||    19
       Scroll            |       |       |    13 |    17 |    17 |     2 ||    49
 Stab: Paralysed         |       |       |     1 |       |     3 |     5 ||     9
       Distracted        |       |       |       |       |     4 |     1 ||     5
Armor: Scale mail        |    62 |    88 |       |       |       |       ||   150
       Plate armour      |       |    10 |   203 |   275 |    24 |       ||   512
       Skin              |       |       |       |    53 |       |       ||    53
       Crystal plate arm |       |       |       |       |   661 |   577 ||  1238
Dodge: Dodged            |    46 |    84 |    75 |   130 |   175 |   208 ||   718
Block: Buckler           |    35 |    35 |    62 |    89 |    44 |       ||   265

Table legend: (Time is in decaauts)
 A = Elapsed time spent in this place.
 B = Non-inter-level travel time spent in this place.
 C = Inter-level travel time spent in this place.
 D = Time resting spent in this place.
 E = Time spent auto-exploring this place.
 F = Levels seen in this place.
 G = Mean time per level.
                   A        B        C        D        E       F      G
               +--------+--------+--------+--------+--------+-----+--------+
         Total |  46053 |  43844 |   2209 |  18175 |  17529 |  28 | 1644.8 |
       Dungeon |  24489 |  23251 |   1238 |   8773 |  10433 |  15 | 1632.6 |
          Lair |  11196 |  10668 |    528 |   4778 |   4109 |   6 | 1866.0 |
   Spider Nest |   5151 |   5044 |    107 |   2407 |   1550 |   4 | 1287.8 |
  Orcish Mines |   4263 |   3928 |    335 |   1794 |   1186 |   2 | 2131.5 |
      Ice Cave |    952 |    952 |      0 |    422 |    251 |   1 |  952.0 |
               +--------+--------+--------+--------+--------+-----+--------+

Top non-repeatable levels by time:
  Lair:2: 3607 daAuts
     D:7: 2938 daAuts
   Orc:1: 2903 daAuts
    D:10: 2524 daAuts
    D:14: 2270 daAuts
  Lair:6: 2116 daAuts
Spider:2: 1926 daAuts
  Lair:1: 1845 daAuts
Spider:1: 1825 daAuts
     D:1: 1771 daAuts
    D:13: 1765 daAuts
     D:6: 1692 daAuts
     D:5: 1602 daAuts
     D:4: 1444 daAuts
     D:9: 1411 daAuts
